 Dungeon Crawl Stone Soup version 0.31-a0-949-g57150269e1 (webtiles) character file.

Game seed: 6767348808832869077

63 LeprechaunX the Changeling (level 4, -3/29 HPs)
             Began as an Octopode Shapeshifter on Oct 23, 2023.
             Slain by an orc
             ... wielding a +0 dagger
              (5 damage)
             ... on level 3 of the Dungeon.
             The game lasted 00:02:55 (1822 turns).

LeprechaunX the Changeling (Octopode Shapeshifter)  Turns: 1822, Time: 00:02:56

Health: -3/29      AC:  1    Str: 15    XL:     4   Next: 10%
Magic:  4/4        EV: 13    Int: 12    God:
Gold:   70         SH:  0    Dex: 11    Spells: 3/3 levels left

rFire   . .          .
                       - Unarmed
rCold   . . .        (no shield)
rNeg    . . .        (helmet currently unavailable)
rPois   .            (no amulet)
rElec   .            (no ring)
rCorr   .            (no ring)
SInv    .            (no ring)
Will    .....        (no ring)
Stlth   ++           (no ring)
HPRegen 0.24/turn    (no ring)
MPRegen 0.09/turn    (no ring)
                     (no ring)

%: no passive effects
@: beast-form
A: beast (slay +2), almost no armour, amphibious, 8 rings, camouflage 1,
gelatinous body 1, (nimble swimmer 1), tentacles
a: Begin Untransformation


You were on level 3 of the Dungeon.
You were a hulking beast.
You visited 1 branch of the dungeon, and saw 3 of its levels.

You collected 70 gold pieces.

Inventory:

Jewellery
 i - an amulet of faith
Talismans
 b - a beast talisman (active)
 c - a flux talisman
Scrolls
 d - 3 scrolls of teleportation {unknown}
 e - a scroll of enchant armour {unknown}
 f - a scroll of poison {unknown}
 g - 2 scrolls of immolation {unknown}
 j - a scroll of amnesia {unknown}
Potions
 a - 2 potions of lignification
 h - a potion of degeneration {unknown}


   Skills:
 + Level 1.8 Fighting
 + Level 2.4 Dodging
 + Level 3.3 Unarmed Combat
 + Level 0.4 Spellcasting
 * Level 3.7 Shapeshifting


You had 3 spell levels left.
You didn't know any spells.
Your spell library contained the following spells:

 Spells                   Type           Power      Damage    Failure   Level
 Ozocubu's Armour         Ice            0%         N/A       67%         3
 Tukima's Dance           Hex            0%         N/A       67%         3
 Dimensional Bullseye     Hex/Tloc       0%         N/A       97%         4
 Iskenderun's Mystic Bla  Conj/Tloc      0%         2d3       97%         4
 Metabolic Englaciation   Hex/Ice        0%         N/A       100%        5
 Simulacrum               Ice/Necr       0%         N/A       100%        6
 Ozocubu's Refrigeration  Ice            0%         4d7       100%        7


Dungeon Overview and Level Annotations

Branches:
Dungeon (3/15)

Altars:


Innate Abilities, Weirdness & Mutations

You are a hulking beast.
Your limbs bulge with bestial killing power. (Slay +2)
You cannot wear most types of armour.
You are amphibious.
You can wear up to eight rings at the same time.
Your skin changes colour to match your surroundings (Stealth+).
Your rubbery body absorbs attacks. (AC +1, EV +1)
((You are camouflaged when in or above water. (Stealth+)))
You have tentacles for arms and can constrict up to eight enemies at once.


Message History

You are too injured to fight recklessly!
You are too injured to fight recklessly!
You are too injured to fight recklessly!
You are too injured to fight recklessly!
You are too injured to fight recklessly!
Unknown command.
You barely miss the orc.
The orc is severely wounded.
You constrict the orc. The bat misses you. The orc hits you with a +0 dagger.
* * * LOW HITPOINT WARNING * * *
The orc hits you with a +0 dagger.
* * * LOW HITPOINT WARNING * * *
Unknown command.
You tentacle-slap the orc.
You kill the orc!
The orc hits you with a +0 dagger.
* * * LOW HITPOINT WARNING * * *
Unknown command.
You barely miss the bat. Your grab misses the bat. The bat barely misses you.
The bat hits you but does no damage. The orc barely misses you.
Unknown command.
You closely miss the orc. Your grab misses the orc.
Your squeeze misses the orc. The bat barely misses you.
The orc hits you with a +0 dagger.
* * * LOW HITPOINT WARNING * * *
Unknown command.
You barely miss the orc. You grab the orc. You constrict the orc.
The bat misses you. The orc hits you but does no damage.
Unknown command.
You tentacle-slap the orc but do no damage.
You squeeze the orc, but do no damage.
The orc is moderately wounded.
You constrict the orc. The bat closely misses you.
The orc hits you but does no damage.
Unknown command.
You barely miss the orc.
The orc is heavily wounded.
You constrict the orc. The bat closely misses you.
The orc hits you with a +0 dagger.
You die...

#. ..≈.#
#.#####..≈$.
#.#......≈..
#......#.≈ #........
#...$..# #...)b.#
#..ho# ≈.. # #..$.#
≈.. ##### #....#
.≈.... ...#
#....##........###.#
#...................
#.....##.....#####.#
#.....# ..##.# #.#
##.....##.# #.# #.#
#......#..# #.# #.#


You could see an orc and a bat.

Vanquished Creatures
  A worm (D:2)
  2 dart slugs (D:1)
  2 orcs (D:3)
  5 bats
  5 endoplasms
  3 giant cockroaches
  4 goblins
  5 hobgoblins
  3 jackals (D:2)
  9 kobolds
  A quokka (D:2)
  2 ball pythons (D:1)
  3 frilled lizards
  3 rats
48 creatures vanquished.

Notes
Turn   | Place    | Note
-------+----------+-------------------------------------------
     0 | D:1      | LeprechaunX the Octopode Shapeshifter began the quest for
                  | the Orb.
     0 | D:1      | Reached XP level 1. HP: 13/13 MP: 1/1
    63 | D:1      | Reached XP level 2. HP: 16/18 MP: 2/2
   254 | D:1      | Reached XP level 3. HP: 23/23 MP: 3/3
  1668 | D:2      | Reached XP level 4. HP: 29/29 MP: 4/4
  1819 | D:3      | HP: 1/29 [orc/+0 dagger (2)]
  1822 | D:3      | Slain by an orc

Illustrated notes

Levels and vault maps discovered:
D:1:      reono_arrival_forest_river, layout_loops_cross
D:2:      layout_basic, minmay_misc_feat_hallway, ebering_dispersal_statue_hall,
          minmay_fractal_squares_gapless_5
D:3:      minmay_spotlight, layout_basic, mainiacjoe_overflow_boulevard,
          nzn_wu_jian_contemplation

Action                     |  1- 3 |  4- 6 || total
---------------------------+-------+-------++-------
  Melee: Unarmed           |    80 |    14 ||    94
         Tentacles         |    18 |     1 ||    19
         Constrict         |    25 |     3 ||    28
         Punch             |     1 |       ||     1
   Stab: Sleeping          |     9 |       ||     9
 Armour: Skin              |    29 |    15 ||    44
  Dodge: Dodged            |    39 |    13 ||    52

Table legend: (Time is in decaauts)
 A = Elapsed time spent in this place.
 B = Non-inter-level travel time spent in this place.
 C = Inter-level travel time spent in this place.
 D = Time resting spent in this place.
 E = Time spent auto-exploring this place.
 F = Levels seen in this place.
 G = Mean time per level.
                   A        B        C        D        E       F      G
               +--------+--------+--------+--------+--------+-----+--------+
         Total |   1816 |   1777 |     39 |      0 |   1514 |   3 |  605.3 |
       Dungeon |   1816 |   1777 |     39 |      0 |   1514 |   3 |  605.3 |
               +--------+--------+--------+--------+--------+-----+--------+

Top non-repeatable levels by time:
     D:2: 984 daAuts
     D:1: 748 daAuts
     D:3: 83 daAuts
